 Dungeon Crawl Stone Soup version 0.27.1-3-gb3d3a73c9e (webtiles) character file.

Game seed: 12701561496270539380

29 vatarom the Insei (level 3, 23/23 HPs)
             Began as an Octopode Transmuter on Oct 10, 2021.
             Quit the game on level 2 of the Dungeon.
             The game lasted 00:04:24 (1489 turns).

vatarom the Insei (Octopode Transmuter)             Turns: 1489, Time: 00:04:25

Health: 23/23      AC:  1    Str:  8 (9)  XL:     3   Next: 16%
Magic:  6/6        EV: 13    Int: 12 (15) God:
Gold:   40         SH:  0    Dex: 12 (13) Spells: 2/6 levels left

rFire    . . .     SeeInvis .     - Unarmed
rCold    . . .     Faith    .   (no shield)
rNeg     . . .     Spirit   .   (helmet restricted)
rPois    .         Reflect  .   (no amulet)
rElec    .         Harm     .   (no ring)
rCorr    .         Rampage  .   (no ring)
Will     .....     Clarity  +   (no ring)
Stlth    +++.......             (no ring)
HPRegen  0.07/turn              (no ring)
MPRegen  0.10/turn              (no ring)
                                (no ring)
                                (no ring)

@: no status effects
A: almost no armour, amphibious, 8 rings, camouflage 1, gelatinous body 1,
(nimble swimmer 1), tentacles, clarity, deterioration 1, wild magic 2
a: no special abilities


You were on level 2 of the Dungeon.
You visited 1 branch of the dungeon, and saw 2 of its levels.

You collected 40 gold pieces.

Inventory:

Scrolls
 a - 2 scrolls of identify {unknown}
 b - a scroll of teleportation {unknown}
 c - a scroll of magic mapping {unknown}
 f - a scroll of vulnerability {unknown}
Potions
 d - a potion of curing {unknown}
 e - a potion of cancellation {unknown}


   Skills:
 + Level 1.5 Fighting
 - Level 2.0 Dodging
 + Level 1.5 Stealth
 + Level 3.2 Unarmed Combat
 - Level 2.0 Spellcasting
 * Level 2.7 Transmutations


You had 2 spell levels left.
You knew the following spells:

 Your Spells              Type           Power      Damage    Failure   Level
a - Beastly Appendage     Tmut           24%        N/A       19%         1
b - Spider Form           Tmut/Pois      3%         N/A       61%         3

Your spell library contained the following spells:

 Spells                   Type           Power      Damage    Failure   Level
 Wereblood                Tmut           12%        N/A       28%         2
 Ice Form                 Ice/Tmut       7%         N/A       92%         4


Dungeon Overview and Level Annotations

Branches:
Dungeon (2/15)

Altars:


Innate Abilities, Weirdness & Mutations

You cannot wear most types of armour.
You are amphibious.
You can wear up to eight rings at the same time.
Your skin changes colour to match your surroundings (Stealth+).
Your rubbery body absorbs attacks. (AC +1, EV +1)
((You are camouflaged near water. (Stealth+)))
You have tentacles for arms and can constrict up to eight enemies at once.
You possess an exceptional clarity of mind.
Your body sometimes deteriorates upon taking damage.
Your spells are harder to cast, but more powerful.


Message History

One of your tentacles grows a vicious spike.
Unknown command.
Your transformation is almost over.
Magic restored.
Done exploring.
Done exploring.
This spell is potentially lethal to cast!
Memorise Spider Form, consuming 3 spell levels and leaving 2?
You start memorising the spell.
You continue memorising. x3
You finish memorising.
Spell assigned to 'b'.
Done exploring.
Done exploring.
(D) Dungeon
Where to? (? - help)
Your tentacle spike disappears.
There is an open door here.
There is an open door here.
There is an open door here.
There is a stone staircase leading down here.
You climb downwards.
There is a stone staircase leading up here.
A dart slug is nearby!
What are your orders? t - Shout!
Orders for allies: a - Attack new target. r - Retreat! s - Stop attacking. g - Guard the area. f - Follow me.
Anything else - Cancel.
You shout for attention!
You tentacle-slap the dart slug. You grab the dart slug.
The dart slug is moderately wounded.
You constrict the dart slug. The dart slug barely misses you.
You tentacle-slap the dart slug.
The dart slug is heavily wounded.
You constrict the dart slug. You tentacle-slap the dart slug.
You squeeze the dart slug.
You kill the dart slug!
You open the door.
There is an open door here.
Are you sure you want to abandon this character and quit the game? (Confirm with "yes".)

. ....... #.
.......
#.#####.......
##.............
...............
♣..............
♣...†<#
♣♣....###
♣....'@#
♣....#.#
♣....#.♣
######.♣ #♣♣


There were no monsters in sight!

Vanquished Creatures
  2 dart slugs
  A bat (D:1)
  2 endoplasms (D:1)
  2 giant cockroaches (D:1)
  4 goblins (D:1)
  2 hobgoblins (D:1)
  A kobold (D:1)
  3 quokkas (D:1)
  3 ball pythons (D:1)
20 creatures vanquished.

Notes
Turn   | Place    | Note
-------+----------+-------------------------------------------
     0 | D:1      | vatarom the Octopode Transmuter began the quest for the
                  | Orb.
     0 | D:1      | Reached XP level 1. HP: 13/13 MP: 3/3
   240 | D:1      | Reached XP level 2. HP: 10/18 MP: 1/5
   572 | D:1      | Reached skill level 1 in Stealth
   774 | D:1      | Gained mutation: You are agile. (Dex +2) [potion of
                  | mutation]
   774 | D:1      | Gained mutation: Your mind is acute. (Int +2) [potion of
                  | mutation]
   778 | D:1      | Lost mutation: Your mind is acute. (Int +2) [potion of
                  | mutation]
   778 | D:1      | Lost mutation: You are agile. (Dex +2) [potion of mutation]
   778 | D:1      | Gained mutation: You possess an exceptional clarity of
                  | mind. [potion of mutation]
   778 | D:1      | Gained mutation: Your spells are a little harder to cast,
                  | but a little more powerful. [potion of mutation]
   778 | D:1      | Gained mutation: Your body sometimes deteriorates upon
                  | taking damage. [potion of mutation]
   778 | D:1      | Gained mutation: Your spells are harder to cast, but more
                  | powerful. [potion of mutation]
  1049 | D:1      | Reached XP level 3. HP: 20/23 MP: 4/6
  1430 | D:1      | Learned a level 3 spell: Spider Form
  1489 | D:2      | Quit the game

Illustrated notes

Levels and vault maps discovered:
D:1:      amcnicky_arrival_blooded_trapdoor, layout_basic
D:2:      layout_basic, serial_forest, infiniplex_forest_lined_2,
          infiniplex_forest_clump_medium, infiniplex_forest_join,
          infiniplex_forest_side_room, infiniplex_forest_end_2,
          infiniplex_forest_diagonal, hellmonk_ecumenical_altar_crossroads,
          minmay_misc_feat_x

Skill      XL: |  1  2 |
---------------+-------+-----
Stealth        | 1 |  1.5
Fighting       | |  1.5
Dodging        | |  2.0
Unarmed Combat | |  3.2
Spellcasting   | |  2.0
Transmutations | |  2.7

Action                   || total
-------------------------++-------
Melee: Unarmed           ||    46
       Constrict         ||    16
       Kick              ||    12
       Tentacles         ||     5
 Cast: Beastly Appendage ||    16
  Use: Potion            ||     2
 Stab: Sleeping          ||     1
Armor: Skin              ||     2
Dodge: Dodged            ||    26
